 Dungeon Crawl Stone Soup version 0.22.0-60-ga52c2fc (console) character file.

47 bli the Skirmisher (level 3, -2/31 HPs)
             Began as a Formicid Abyssal Knight on Sept 10, 2018.
             Was a Follower of Lugonu.
             Slain by a gnoll
             ... wielding a +0 spear
              (4 damage)
             ... on level 2 of the Dungeon.
             The game lasted 00:04:18 (1330 turns).

bli the Skirmisher (Formicid Abyssal Knight)        Turns: 1330, Time: 00:04:19

Health: -2/31      AC:  4    Str: 16    XL:     3   Next: 97%
Magic:  4/4        EV: 11    Int: 11    God:    Lugonu [*.....]
Gold:   75         SH:  0    Dex: 11    Spells: 2/2 levels left

rFire    . . .     SeeInvis +   a - +1 hand axe
rCold    . . .     Gourm    .   (no shield)
rNeg     . . .     Faith    .   b - +0 leather armour
rPois    .         Spirit   .   (helmet unavailable)
rElec    .         Reflect  .   j - +0 cloak (curse)
rCorr    .         Harm     .   (no gloves)
MR       .....                  (no boots)
Stlth    +.........             (no amulet)
HPRegen  0.10/turn              (no ring)
MPRegen  0.09/turn              (no ring)

@: no status effects
A: permanent stasis, dig shafts and tunnels, four strong arms, antennae 3
a: Dig, Shaft Self, Depart the Abyss, Renounce Religion


You were on level 2 of the Dungeon.
You worshipped Lugonu.
Lugonu was aware of your devotion.
You were hungry.

You visited 1 branch of the dungeon, and saw 2 of its levels.
You visited the Abyss 1 time.

You collected 75 gold pieces.

Inventory:

Hand Weapons
 a - a +1 hand axe (weapon)
Armour
 b - a +0 leather armour (worn)
 d - a +0 plate armour
 j - a cursed +0 cloak (worn)
 k - a +0 ring mail
Scrolls
 e - 4 scrolls of identify {unknown}
 f - 2 scrolls of fear {unknown}
 g - 3 scrolls of teleportation {unknown}
 i - a scroll of amnesia {unknown}
 m - 3 scrolls of remove curse {unknown}
Potions
 l - 2 potions of might {unknown}
Comestibles
 c - 2 rations


   Skills:
 * Level 4.5 Fighting
 + Level 2.4 Axes
 + Level 2.3 Armour
 + Level 1.2 Dodging
 + Level 2.1 Invocations


You had 2 spell levels left.
You didn't know any spells.
Your spell library was empty.

Dungeon Overview and Level Annotations

Branches:
Dungeon (2/15)

Altars:


Innate Abilities, Weirdness & Mutations

You cannot be hasted, slowed, berserked, paralysed or teleported.
You can dig through walls and to a lower floor.
Your four strong arms can wield two-handed weapons with a shield.
You have a pair of large antennae on your head. (SInv)


Message History

The gnoll is severely wounded.
The gnoll closely misses you.
You barely miss the gnoll.
The gnoll hits you from afar with a spear.
The gnoll closely misses you.
You hit the gnoll.
The gnoll is moderately wounded.
The gnoll barely misses you. The gnoll hits you with a club!
You closely miss the gnoll.
The gnoll is moderately wounded.
The gnoll hits you from afar with a spear.
The gnoll hits you with a club!
* * * LOW HITPOINT WARNING * * *
The gnoll barely misses you.
You hit the gnoll.
The gnoll is severely wounded.
The gnoll hits you with a club.
* * * LOW HITPOINT WARNING * * *
The gnoll hits you from afar with a spear.
You die...

#.# # #.# . #.#
.#
.######.###.###
...............
%.....#........
.......<....###
.......g.......
..$...gg#######
......#g#
.../..#@#
..###.#.# # #
#.# #.# #.# #.#
#.# #.#


You could see 4 gnolls.

Vanquished Creatures
  An adder (D:2)
  2 oozes (D:1)
  3 dart slugs (D:1)
  A giant cockroach (D:1)
  4 goblins (D:1)
  2 hobgoblins (D:1)
  3 bats (D:1)
  4 frilled lizards (D:1)
  3 kobolds (D:1)
  4 rats (D:1)
27 creatures vanquished.

Notes
Turn   | Place    | Note
-------+----------+-------------------------------------------
     0 | Abyss:1  | bli the Formicid Abyssal Knight began the quest for the
                  | Orb.
     0 | Abyss:1  | Reached XP level 1. HP: 18/18 MP: 2/2
    32 | Abyss:1  | Found an ornate altar of the Wu Jian Council.
   124 | Abyss:1  | Noticed a small abomination
   129 | D:1      | Escaped the Abyss
   385 | D:1      | Reached XP level 2. HP: 25/25 MP: 3/3
   440 | D:1      | Reached skill level 1 in Dodging
   537 | D:1      | Reached skill level 4 in Fighting
   581 | D:1      | Reached * piety under Lugonu
   585 | D:1      | Reached XP level 3. HP: 23/30 MP: 4/4
  1330 | D:2      | Slain by a gnoll

Skill      XL: |  1  2 |
---------------+-------+-----
Dodging        | 1 |  1.2
Fighting       | 4 |  4.5
Axes           | |  2.4
Armour         | |  2.3
Invocations    | |  2.1

Action                   || total
-------------------------++-------
Melee: Hand axe          ||   103
Invok: Depart the Abyss  ||     1
 Abil: Dig               ||     1
  Eat: Chunk             ||     1
Armor: Leather armour    ||    45
Dodge: Dodged            ||    62
